 Dungeon Crawl Stone Soup version 0.26-a0-43-g20b394c (webtiles) character file.

Game seed: 1600305527243584528

2896 Faca the Fighter (level 10, 0/85 HPs)
             Began as a Human Fighter on June 3, 2020.
             Was a Priest of Okawaru.
             Killed by divine providence
             ... invoked by an orc priest
              (14 damage)
             ... on level 8 of the Dungeon.
             The game lasted 00:11:21 (8499 turns).

Faca the Fighter (Human Fighter)                    Turns: 8499, Time: 00:11:22

Health: 0/85       AC: 10    Str: 20    XL:     10   Next: 5%
Magic:  10/10      EV:  4    Int:  8    God:    Okawaru [***...]
Gold:   480        SH:  9    Dex: 13    Spells: 9/9 levels left

rFire    . . .     SeeInvis .   e - +2 flail (vorpal)
rCold    . . .     Gourm    .   c - +1 kite shield
rNeg     . . .     Faith    .   m - +0 chain mail
rPois    .         Spirit   .   (no helmet)
rElec    .         Reflect  .   (no cloak)
rCorr    .         Harm     .   o - +0 pair of gloves
MR       .....                  j - +0 pair of boots
Stlth    ..........             p - amulet of the acrobat
HPRegen  0.24/turn              (no ring)
MPRegen  0.12/turn              (no ring)

@: mighty, hasted, drained, very quick
A: no striking features
a: Heroism, Renounce Religion


You were on level 8 of the Dungeon.
You worshipped Okawaru.
Okawaru was most pleased with you.
You were not hungry.

You visited 2 branches of the dungeon, and saw 9 of its levels.
You also visited: Ossuary.

You collected 495 gold pieces.
You spent 15 gold pieces at shops.

Inventory:

Hand Weapons
 e - a +2 vorpal flail (weapon)
Armour
 c - a +1 kite shield (worn)
 j - a +0 pair of boots (worn)
 m - a +0 chain mail (worn)
 o - a +0 pair of gloves (worn)
Jewellery
 p - an amulet of the acrobat (around neck)
 r - an uncursed amulet of reflection {unknown}
Scrolls
 b - a scroll of fog
 g - 9 scrolls of remove curse
Potions
 a - a potion of berserk rage {unknown}
 d - 3 potions of might
 k - a potion of haste
 l - 3 potions of lignification
 n - 3 potions of flight {unknown}
 q - 3 potions of mutation
Comestibles
 f - 13 rations


   Skills:
 + Level 9.8(8.7) Fighting
 + Level 9.5(8.5) Maces & Flails
 - Level 3.0(2.1) Armour
 - Level 3.0(2.1) Shields


You had 9 spell levels left.
You didn't know any spells.
Your spell library contained the following spells:

 Spells                   Type           Power        Failure   Level  Hunger
 Summon Small Mammal      Summ           #...         100%        1    ##.....
 Call Imp                 Summ           #.......     100%        2    ###....
 Call Canine Familiar     Summ           #.......     100%        3    ####...
 Summon Guardian Golem    Hex/Summ       #.......     100%        3    ####...
 Summon Ice Beast         Ice/Summ       #.......     100%        4    #####..
 Summon Lightning Spire   Summ/Air       #.......     100%        4    #####..


Dungeon Overview and Level Annotations

Branches:
Dungeon (8/15)             Temple (1/1) D:4         Ossuary (visited)
   Lair: D:8-11

Altars:
Hepliaklqana
Nemelex Xobeh
Okawaru
Qazlal
Vehumet
Wu Jian
Xom
Yredelemnul

Shops:
D:4 [   D:5 !


Message History

The adder bites you but does no damage. The wight hits you but does no damage.
You sock the wight!
You destroy the wight!
Okawaru accepts your kill. You block the adder's attack.
The wight hits you but does no damage. x2
Items here: )) [[ a +0 dagger; a +0 robe; a +0 halberd; a +0 robe The wight closely misses you.
You block the wight's attack. 3 orcs and an orc priest come into view.
The orc shouts!
The orc priest shouts!
The orc shouts! x2
You block the wight's attack.
A warg comes into view.
The wight closely misses you.
The howler monkey hoots and howls with incredible vigour!
You hear a shout! x2
Your chain mail prevents you from hitting the bullfrog zombie.
You block the bullfrog zombie's attack.
The orc priest invokes the aid of Beogh against you.
Beogh smites you!
You die...

..... .... .o. ####
oh .....
#o#####......
##.#.).h......
#####.oS#z###.....
.......z.z..h.....
#####..@#.###.....
#...Z.........
#.....########
#...........#
#.....#.#.########
#.....#...........
#.......#.########
#..............
#....####.##########


You could see a warg, 2 howler monkeys, 3 wights, an orc priest, an adder, 3
orcs and a bullfrog zombie.

Vanquished Creatures
  Joseph (D:7)
  An orc warrior (D:6)
  5 ice beasts
  A sky beast (D:7)
  2 ogres
  A phantom (D:6)
  A bullfrog (D:7)
  2 scorpions
  A water moccasin skeleton (D:4)
  3 killer bees (D:8)
  2 wights (D:8)
  4 centaur zombies
  A bullfrog skeleton (D:6)
  4 hounds
  An orc priest (D:6)
  A human zombie (Ossuary)
  A centaur skeleton (D:6)
  Natasha (thrice) (D:3)
  2 iguanas (D:7)
  10 orc wizards
  6 worker ants
  A big kobold zombie (Ossuary)
  5 mummies (Ossuary)
  A worker ant zombie (D:7)
  8 gnolls
  6 adders
  A shadow imp (D:4)
  An ooze (D:3)
  An adder zombie (D:7)
  An adder skeleton (D:5)
  A dart slug (D:1)
  2 leopard geckos
  20 orcs
  A ball python (D:3)
  9 bats
  3 giant cockroaches
  10 goblins
  9 hobgoblins
  9 jackals
  3 kobolds
  5 quokkas
  3 frilled lizards
  2 goblin zombies (Ossuary)
  An orc zombie (Ossuary)
  6 rats
162 creatures vanquished.

Notes
Turn   | Place    | Note
-------+----------+-------------------------------------------
     0 | D:1      | Faca the Human Fighter began the quest for the Orb.
     0 | D:1      | Reached XP level 1. HP: 18/18 MP: 1/1
   181 | D:1      | Reached XP level 2. HP: 21/24 MP: 2/2
   736 | D:1      | Reached XP level 3. HP: 29/29 MP: 3/3
  1215 | D:2      | Found a stormy altar of Qazlal.
  1419 | D:2      | Found a shimmering altar of Xom.
  1471 | D:2      | Reached XP level 4. HP: 29/37 MP: 4/4
  1570 | D:2      | Found a faded altar of an unknown god.
  2261 | D:3      | Reached XP level 5. HP: 39/43 MP: 5/5
  2509 | D:3      | Reached XP level 6. HP: 35/50 MP: 6/6
  2745 | D:3      | Noticed Natasha
  2752 | D:3      | Killed Natasha
  2752 | D:3      | Reached skill level 5 in Fighting
  2852 | D:3      | Noticed Natasha
  2858 | D:3      | Killed Natasha
  2878 | D:3      | Noticed Natasha
  2883 | D:3      | Killed Natasha
  3356 | D:4      | Reached skill level 5 in Maces & Flails
  3594 | D:4      | Found a staircase to the Ecumenical Temple.
  3609 | Temple   | Entered the Ecumenical Temple
  3637 | Temple   | Became a worshipper of Warmaster Okawaru
  3696 | D:4      | Reached XP level 7. HP: 56/56 MP: 7/7
  3697 | D:4      | Found a hazy altar of Hepliaklqana.
  4073 | D:4      | Found Jobrota's Antique Armour Shop.
  4364 | D:5      | Entered Level 5 of the Dungeon
  4836 | D:5      | Found Qiacuum's Distillery.
  4844 | D:5      | Bought a potion of degeneration for 15 gold pieces
  4895 | D:5      | Reached * piety under Okawaru
  4930 | D:5      | Found a sparkling altar of Nemelex Xobeh.
  5038 | D:6      | Reached XP level 8. HP: 50/65 MP: 8/8
  5384 | D:6      | Found a sand-covered staircase.
  5393 | Ossuary  | Entered an ossuary
  6477 | D:6      | Reached XP level 9. HP: 74/74 MP: 9/9
  6482 | D:6      | Reached ** piety under Okawaru
  7611 | D:7      | Noticed Joseph
  7628 | D:7      | Killed Joseph
  7764 | D:7      | Reached *** piety under Okawaru
  8470 | D:8      | Reached XP level 10. HP: 76/84 MP: 10/10
  8499 | D:8      | Killed from afar by an orc priest

Illustrated notes

Levels and vault maps discovered:
D:1:      dpeg_arrival_refuge, layout_basic
D:2:      layout_basic, lemuel_crystal_altar, chequers_ecumenical_altar_simple,
          grunt_qazlal_sundering
D:3:      layout_basic, first_ration, amethyst_killhole,
          minmay_stone_trees_small, uniq_natasha
D:4:      layout_gridville, old_standard_altar,
          minmay_temple_entry_purple_smoke, serial_shops, shop
D:5:      layout_loops_ring, marbit_many_paths, serial_shops, shop
D:6:      layout_layer_cave, enter_ossuary_3
D:7:      layout_cave_pools, uniq_joseph
D:8:      lemuel_castle_with_subvaults [lemuel_castle_interior_original],
          layout_basic
Temple:   hc_temple_tempest_star

Skill      XL: |  1  2  3  4  5  6  7  8  9 |
---------------+----------------------------+-----
Maces & Flails | 3 4 5 6 7 9 |  9.5
Fighting       | 4 5 6 8 9 |  9.8
Armour         | |  3.0
Shields        | |  3.0

Action                   |  1- 3 |  4- 6 |  7- 9 | 10-12 || total
-------------------------+-------+-------+-------+-------++-------
Melee: Flail             |    98 |   129 |   363 |    17 ||   607
Invok: Heroism           |       |       |     2 |       ||     2
  Use: Scroll            |     3 |     4 |     8 |       ||    15
       Potion            |       |       |     2 |     7 ||     9
  Eat: Chunk             |     2 |     7 |    16 |       ||    25
Armor: Scale mail        |    55 |    50 |    28 |       ||   133
       Chain mail        |       |       |   155 |    20 ||   175
Dodge: Dodged            |    37 |    40 |    97 |     7 ||   181
Block: Kite shield       |    47 |    66 |   219 |    30 ||   362

Table legend:
 A = Non-vault XP
 B = Vault XP
 C = Vault XP percentage of total XP
 D = Non-vault monster count
 E = Vault monster count
 F = Vault count percentage of total count
                 A         B        C        D         E       F
            +---------+---------+-------+---------+---------+-------
      Total |    3222 |     916 |  22.1 |     146 |      16 |   9.9
            +---------+---------+-------+---------+---------+-------
        D:1 |      33 |       0 |   0.0 |      17 |       0 |   0.0
        D:2 |      98 |       0 |   0.0 |      21 |       0 |   0.0
        D:3 |     224 |      36 |  13.8 |      30 |       1 |   3.2
        D:4 |     216 |       0 |   0.0 |      12 |       0 |   0.0
        D:5 |     262 |     133 |  33.7 |       7 |       1 |  12.5
        D:6 |     905 |       0 |   0.0 |      29 |       0 |   0.0
        D:7 |    1146 |     455 |  28.4 |      24 |       1 |   4.0
        D:8 |     338 |       0 |   0.0 |       6 |       0 |   0.0
    Ossuary |       0 |     292 | 100.0 |       0 |      13 | 100.0
            +---------+---------+-------+---------+---------+-------
